 Dungeon Crawl Stone Soup version 0.25-a0-860-gf695395b5c (webtiles) character file.

Game seed: 4480130190146690972, levelgen mode: deterministic

63 Napalmbreeze the Shooter (level 3, -8/31 HPs)
             Began as a Centaur Hunter on Apr 27, 2020.
             Killed by divine providence
             ... invoked by an orc priest
              (12 damage)
             ... on level 2 of the Dungeon.
             The game lasted 00:04:02 (1115 turns).

Napalmbreeze the Shooter (Centaur Hunter)           Turns: 1115, Time: 00:04:02

Health: -8/31      AC:  4    Str: 14    XL:     3   Next: 89%
Magic:  3/3        EV:  9    Int: 10    God:
Gold:   128        SH:  0    Dex: 10    Spells: 2/2 levels left

rFire    . . .     SeeInvis .   b - +0 short sword
rCold    . . .     Gourm    .   (no shield)
rNeg     . . .     Faith    .   c - +0 leather armour
rPois    .         Spirit   .   (no helmet)
rElec    .         Reflect  .   (no cloak)
rCorr    .         Harm     .   (no gloves)
MR       .....                  (no barding)
Stlth    +.........             (no amulet)
HPRegen  0.10/turn              (no ring)
MPRegen  0.08/turn              (no ring)

@: very quick
A: large, hooves 3, deformed body, speed 2, tough skin 3
a: no special abilities


You were on level 2 of the Dungeon.
You were not hungry.

You visited 1 branch of the dungeon, and saw 2 of its levels.

You collected 128 gold pieces.

Inventory:

Hand Weapons
 a - a +1 shortbow
 b - a +0 short sword (weapon)
 g - a +0 short sword
Armour
 c - a +0 leather armour (worn)
Scrolls
 e - a scroll of noise {unknown}
 h - 2 scrolls of identify {unknown}
 k - a scroll of teleportation {unknown}
 o - a scroll of fog {unknown}
Potions
 j - a potion of invisibility {unknown}
 l - a potion of curing {unknown}
 m - a potion of lignification {unknown}
 n - 2 potions of stabbing {unknown}
Comestibles
 f - a ration
 i - 5 chunks of flesh


   Skills:
 * Level 3.3 Fighting
 + Level 5.8 Bows
 + Level 1.9 Dodging
 - Level 0.4 Stealth


You had 2 spell levels left.
You didn't know any spells.
Your spell library was empty.

Dungeon Overview and Level Annotations

Branches:
Dungeon (2/15)

Altars:
Kikubaaqudgha


Innate Abilities, Weirdness & Mutations

You have hooves in place of feet.
Armour fits poorly on your strangely shaped body.
You cover ground very quickly.
You have extremely tough skin. (AC +3)


Message History

You hit the orc priest but do no damage.
Your kick misses the orc priest.
The orc priest is severely wounded.
The orc priest begins to cast a cantrip, but forgets the words!
You closely miss the orc priest. Your kick misses the orc priest.
The orc priest is severely wounded.
The orc priest hits you with a +0 mace!
You hit the orc priest but do no damage.
You kick the orc priest, but do no damage.
The orc priest is severely wounded.
The orc priest hits you with a +0 mace.
You hit the orc priest. Your kick misses the orc priest.
The orc priest is almost dead.
The orc priest hits you with a +0 mace.
* * * LOW HITPOINT WARNING * * *
You hit the orc priest but do no damage.
The orc priest is almost dead.
The orc priest calls down the wrath of Beogh upon you.
Beogh smites you!
You die...

..................##....#
....##.#.########.......#
### #.#.# ####.....
#.##.#.# ###.##..
#....#.#### ##...# #.
##......# ##<.### #
#.†#.##.# #..## #.##.# .#
#.## #.##@# # #.# #.##o#
..# ##.##r# ####
#..##(#.# #.#.((..#
#.#(##.## ###(##.#
##...##. ##..(..##.


You could see an orc priest and a rat.

Vanquished Creatures
  A worker ant (D:2)
  An adder (D:2)
  2 orcs (D:2)
  A giant cockroach (D:1)
  A hobgoblin (D:1)
  9 kobolds
  A bat (D:1)
  4 frilled lizards
  5 goblins
  7 rats
32 creatures vanquished.

Notes
Turn   | Place    | Note
-------+----------+-------------------------------------------
     0 | D:1      | Napalmbreeze the Centaur Hunter began the quest for the
                  | Orb.
     0 | D:1      | Reached XP level 1. HP: 17/17 MP: 1/1
   317 | D:1      | Reached XP level 2. HP: 25/25 MP: 2/2
  1005 | D:2      | Reached XP level 3. HP: 31/31 MP: 3/3
  1066 | D:2      | Found an ancient bone altar of Kikubaaqudgha.
  1115 | D:2      | Killed from afar by an orc priest

Levels and vault maps discovered:
D:1:      dpeg_arrival_round_a, layout_loops_corners, minmay_heptomino_h4
D:2:      layout_rooms, yredelemnul_altar_generic, lemuel_round_altar

Skill      XL: |  1  2 |
---------------+-------+-----
Fighting       | 3 |  3.3
Bows           | |  5.8
Dodging        | |  1.9
Stealth        | |  0.4

Action                   || total
-------------------------++-------
Melee: Short sword       ||    34
       Kick              ||     3
 Fire: Shortbow          ||    55
Armor: Leather armour    ||    17
Dodge: Dodged            ||    13

Table legend:
 A = Non-vault XP
 B = Vault XP
 C = Vault XP percentage of total XP
 D = Non-vault monster count
 E = Vault monster count
 F = Vault count percentage of total count
                 A         B        C        D         E       F
            +---------+---------+-------+---------+---------+-------
      Total |      88 |       3 |   3.3 |      30 |       2 |   6.2
            +---------+---------+-------+---------+---------+-------
        D:1 |      26 |       3 |  10.3 |      19 |       2 |   9.5
        D:2 |      62 |       0 |   0.0 |      11 |       0 |   0.0
            +---------+---------+-------+---------+---------+-------
